 Dungeon Crawl Stone Soup version 0.20-a0-705-gbe8799e (webtiles) character file.

50 M4edhros the Grave Robber (level 3, -1/26 HPs)
             Began as a Demigod Necromancer on Feb 21, 2017.
             Killed from afar by an orc wizard (6 damage)
             ... with a magic dart
             ... on level 3 of the Dungeon.
             The game lasted 00:02:18 (408 turns).

M4edhros the Grave Robber (Demigod Necromancer)      Turns: 408, Time: 00:02:19

Health: -1/26      AC:  4    Str: 11    XL:     3   Next: 35%
Magic:  2/8        EV: 14    Int: 19    God:
Gold:   20         SH:  0    Dex: 18    Spells: 0/5 levels left

rFire    . . .     SeeInvis .   l - -2 short sword (curse)
rCold    . . .     Gourm    .   a - +0 robe
rNeg     . . .     Faith    .   (no shield)
rPois    .         Spirit   .   k - +1 helmet
rElec    .         Reflect  .   (no cloak)
rCorr    .         Harm     .   (no gloves)
MR       .....                  (no boots)
Stlth    ++........             (no amulet)
Regen    0.1/turn               (no ring)
MPRegen  0.2/turn               (no ring)

@: very slightly contaminated
A: high mp 1
a: no special abilities


You were on level 3 of the Dungeon.
You were not hungry.

You visited 1 branch of the dungeon, and saw 3 of its levels.

You collected 20 gold pieces.

Inventory:

Hand Weapons
 d - a +0 short sword
 i - a +0 hunting sling
 l - a cursed -2 short sword (weapon)
Missiles
 f - 53 stones (quivered)
Armour
 a - a +0 robe (worn)
 k - a +1 helmet (worn)
Jewellery
 e - an uncursed ring of ice
Books
 b - a book of Necromancy

   Spells                             Type                      Level
   a - Pain                           Necromancy                   1
   b - Animate Skeleton               Necromancy                   1
   c - Vampiric Draining              Necromancy                   3
   d - Regeneration                   Charms/Necromancy            3
   e - Animate Dead                   Necromancy                   4
   f - Control Undead                 Necromancy                   4
Comestibles
 c - a bread ration
 g - a meat ration
 j - a chunk of flesh


   Skills:
 + Level 3.6 Dodging
 - Level 1.7 Stealth
 - Level 1.7 Spellcasting
 - Level 3.6 Necromancy


You couldn't memorise any spells.
You knew the following spells:

 Your Spells              Type           Power        Failure   Level  Hunger
a - Pain                  Necr           ###.         4%          1    #......
b - Animate Skeleton      Necr           N/A          4%          1    #......
c - Regeneration          Chrm/Necr      #.........   28%         3    ###....


Dungeon Overview and Level Annotations

Branches:
Dungeon (3/15)

Annotations:
D:3 M4edhros's ghost, weakling OpWr


Innate Abilities, Weirdness & Mutations

You have an increased reservoir of magic. (+10% MP)


Message History

l - a cursed -2 short sword (weapon)
As you read the scroll labeled DYBYGH EGOEMIQ, it crumbles to dust.
You feel strangely unstable.
It was a scroll of teleportation.
Found a dagger.
You now have 20 gold pieces (gained 9).
There are no items here.
Your surroundings suddenly seem different.
Found a scroll labeled USU XYTHRAMNAFA.
An orc priest and a player ghost come into view.
You aren't carrying any potions.
The orc priest moves out of view.
M4edhros's ghost turns its malevolent gaze towards you.
The orc shouts!
An orc comes into view. It is wielding a mace.
The orc wizard shouts!
M4edhros's ghost whispers, "They're coming for you..."
M4edhros's ghost lets out a mournful wail.
The orc wizard points at you and mumbles some strange words.
The magic dart hits you!
You die...

..............#
..............#
...............#
...............#
...........W...#
...............#
.........%.....#
...............#########
..........o.....@.......
.......<..o....#########
................
..!o..o........##
###...#.....####
#.o.####### #.#. #.# #


You could see an orc wizard, M4edhros's ghost and an orc.

Vanquished Creatures
  Jessica (D:2)
  An adder (D:3)
  A dart slug (D:1)
  3 bats
  A giant cockroach (D:2)
  A goblin (D:2)
  A hobgoblin (D:2)
  2 kobolds
  A frilled lizard (D:1)
  3 rats
15 creatures vanquished.

Notes
Turn   | Place    | Note
-------+----------+-------------------------------------------
     0 | D:1      | M4edhros the Demigod Necromancer began the quest for the Orb.
     0 | D:1      | Reached XP level 1. HP: 14/14 MP: 5/5
     8 | D:1      | Noticed an electric eel
   170 | D:3      | Noticed an orc wizard
   178 | D:2      | Reached XP level 2. HP: 7/20 MP: 1/7
   232 | D:2      | Noticed Jessica
   236 | D:2      | Killed Jessica
   236 | D:2      | Reached XP level 3. HP: 10/26 MP: 4/8
   337 | D:3      | Found a sparkling altar of Nemelex Xobeh.
   384 | D:3      | Learned a level 1 spell: Animate Skeleton
   388 | D:3      | Learned a level 3 spell: Regeneration
   400 | D:3      | Noticed M4edhros's ghost (weakling OpWr)
   408 | D:3      | Killed from afar by an orc wizard

Vault maps used:
D:1:      arrival_aquarium_a, serial_forest, infiniplex_forest_lined_room_2,
          infiniplex_forest_clump_tiny, infiniplex_forest_straight_2,
          infiniplex_forest_lined_3, infiniplex_forest_clump_small,
          infiniplex_forest_corner_1
D:2:      minmay_misc_feat_chi, minmay_misc_feat_more_columns, uniq_jessica
D:3:      nemelex_altar_shiori

Skill      XL: |  1  2 |
---------------+-------+-----
Dodging        | 2 3 |  3.6
Stealth        | |  1.7
Spellcasting   | |  1.7
Necromancy     | |  3.6

Action                   || total
-------------------------++-------
Melee: Unarmed           ||     7
 Cast: Pain              ||    31
  Use: Scroll            ||     1
Armor: Robe              ||     3
Dodge: Dodged            ||    20
